 Dungeon Crawl Stone Soup version 0.24.0-123-gd5b16e6ec5 (webtiles) character file.

Game seed: 2503243123243505472, levelgen mode: deterministic

689 Curus the Spear-Bearer (level 7, -1/50 HPs)
             Began as a Merfolk Gladiator on Jan 8, 2020.
             Killed by nerve-wracking pain
             ... invoked by Grinder
              (14 damage)
             ... on level 4 of the Dungeon.
             The game lasted 00:11:23 (2921 turns).

Curus the Spear-Bearer (Merfolk Gladiator)          Turns: 2921, Time: 00:11:23

Health: -1/50      AC:  6    Str: 12    XL:     7   Next: 63%
Magic:  7/7        EV: 13    Int:  8    God:
Gold:   120        SH:  6    Dex: 17    Spells: 6/6 levels left

rFire    . . .     SeeInvis .   a - +0 trident
rCold    . . .     Gourm    .   m - +2 buckler {rPois}
rNeg     . . .     Faith    .   b - +0 leather armour
rPois    +         Spirit   .   (helmet restricted)
rElec    .         Reflect  .   i - +0 cloak
rCorr    .         Harm     .   (no gloves)
MR       .....                  (no boots)
Stlth    +.........             (no amulet)
HPRegen  0.16/turn              (no ring)
MPRegen  0.10/turn              (no ring)

@: no status effects
A: change form in water, swift swim, stealthy swim, horns 1, icy blue scales 1,
weak 1, wild magic 1
a: no special abilities


You were on level 4 of the Dungeon.
You were not hungry.

You visited 1 branch of the dungeon, and saw 4 of its levels.

You collected 120 gold pieces.

Inventory:

Hand Weapons
 a - a +0 trident (weapon)
Missiles
 d - 3 throwing nets (quivered)
Armour
 b - a +0 leather armour (worn)
 c - a +1 helmet
 i - a +0 cloak (worn)
 m - a +2 buckler of poison resistance (worn)
Wands
 g - a wand of paralysis (3)
 j - a wand of polymorph (9)
 l - a wand of iceblast (10)
Scrolls
 e - 4 scrolls of identify
 p - a scroll of fog
 q - a scroll of remove curse
Potions
 h - 3 potions of curing
 k - 2 potions of brilliance
 n - 3 potions of mutation
Comestibles
 f - 4 rations


   Skills:
 - Level 2.1 Fighting
 + Level 12.0 Polearms
 - Level 2.0 Throwing
 - Level 4.0 Dodging


You had 6 spell levels left.
You didn't know any spells.
Your spell library was empty.

Dungeon Overview and Level Annotations

Branches:
Dungeon (4/15)
 Temple: D:4-7

Altars:

Annotations:
D:4 Grinder


Innate Abilities, Weirdness & Mutations

You revert to your normal form in water.
You are very nimble and swift while swimming.
You are very stealthy in the water. (Stealth+)
You have a pair of small horns on your head.
You are partially covered in icy blue scales. (AC +2)
You are weak. (Str -2)
Your spells are a little harder to cast, but a little more powerful.


Message History

Press: ? - help, Dir - move target cursor, f/p - Grinder
Aim: Grinder (severely wounded)
You reach to attack!
You puncture Grinder!
Grinder is almost dead.
Grinder gestures at you. Pain shoots through your body!
Attack whom?
Press: ? - help, Dir - move target cursor, f/p - Grinder
Aim: Grinder (almost dead)
You reach to attack!
You closely miss Grinder.
Grinder is almost dead.
Grinder blinks!
Grinder gestures at you. Pain shoots through your body!
* * * LOW HITPOINT WARNING * * *
Grinder gestures at you. You resist with significant effort.
Grinder gestures at you. Pain shoots through your body!
You die...

#.## ##.....## #.####
#.# ##...## #.#
#####.### ##+## #.#
#.......# #.# #.#
#.###.#.# #.# #.# #.#.#
##.##### #.#
#.#.#######......# #.#
#......5.#.....#.####.#
###.####.@ยง...........#
#.# #####..##.###### #.#
#.....# ..# #.##### ###
#.# #.# #.# #.#


You could see Grinder.

Vanquished Creatures
  Sigmund (D:2)
  Eustachio (D:4)
  2 howler monkeys (D:4)
  Crazy Yiuf (D:3)
  2 orc priests (D:4)
  An iguana (D:4)
  Ijyb (D:3)
  Terence (D:3)
  Robin (D:3)
  2 adders
  2 oozes (D:3)
  7 worms
  2 dart slugs (D:2)
  2 leopard geckos
  9 orcs
  A giant cockroach (D:2)
  15 goblins
  9 hobgoblins
  5 jackals
  6 kobolds
  2 quokkas (D:3)
  10 bats
  7 frilled lizards
  10 rats
100 creatures vanquished.

Notes
Turn   | Place    | Note
-------+----------+-------------------------------------------
     0 | D:1      | Curus the Merfolk Gladiator began the quest for the Orb.
     0 | D:1      | Reached XP level 1. HP: 16/16 MP: 1/1
   104 | D:1      | Reached skill level 5 in Polearms
   117 | D:1      | Reached XP level 2. HP: 8/22 MP: 2/2
   571 | D:1      | Reached skill level 6 in Polearms
   571 | D:1      | Reached XP level 3. HP: 27/27 MP: 3/3
   694 | D:1      | Gained mutation: You have a pair of small horns on your
                  | head. [potion of mutation]
   694 | D:1      | Gained mutation: You are weak. (Str -2) [potion of
                  | mutation]
   694 | D:1      | Gained mutation: You are partially covered in icy blue
                  | scales. (AC +2) [potion of mutation]
   694 | D:1      | Gained mutation: Your spells are a little harder to cast,
                  | but a little more powerful. [potion of mutation]
   807 | D:2      | Found a faded altar of an unknown god.
  1108 | D:2      | Noticed Sigmund
  1114 | D:2      | Killed Sigmund
  1114 | D:2      | Reached skill level 9 in Polearms
  1114 | D:2      | Reached XP level 4. HP: 33/33 MP: 4/4
  1114 | D:2      | Reached XP level 5. HP: 38/38 MP: 5/5
  1589 | D:2      | Reached XP level 6. HP: 44/44 MP: 6/6
  1813 | D:3      | Noticed Robin
  1835 | D:3      | Killed Robin
  1866 | D:3      | You fall into a shaft and drop 1 floor!
  1874 | D:3      | Noticed Terence
  1887 | D:3      | Killed Terence
  1996 | D:3      | Noticed Ijyb
  2016 | D:3      | Reached skill level 10 in Polearms
  2021 | D:3      | Killed Ijyb
  2282 | D:3      | Found a runed translucent door.
  2283 | D:3      | Noticed Crazy Yiuf
  2446 | D:3      | Killed Crazy Yiuf
  2648 | D:4      | Reached XP level 7. HP: 44/50 MP: 7/7
  2661 | D:4      | Noticed Eustachio
  2664 | D:4      | Reached skill level 11 in Polearms
  2715 | D:4      | Killed Eustachio
  2715 | D:4      | Reached skill level 12 in Polearms
  2727 | D:4      | Noticed Grinder
  2921 | D:4      | Killed from afar by Grinder

Levels and vault maps discovered:
D:1:      dpeg_arrival_tiny_f, layout_loops_ring, nrook_campfire,
          minmay_tiny_reverse_x
D:2:      layout_rooms, chequers_ecumenical_altar_simple_redux,
          serial_co_window_serial, co_window_corner_a, co_window_paths_a,
          co_window_paths_a, co_window_cross_1, co_window_paths_a,
          co_window_2corner, co_window_broadway_b, co_window_corner_b,
          co_window_unsneaky_path_d, co_window_broadway_c, co_window_4corner_a,
          glass_columns_b, glass_columns_b, glass_columns_a, glass_columns_b,
          uniq_sigmund
D:3:      layout_rooms, hex_intersection, uniq_crazy_yiuf_cottage, uniq_robin,
          uniq_ijyb, uniq_terence
D:4:      layout_loops_corners, first_ration, uniq_eustachio, uniq_grinder

Skill      XL: |  1  2  3  4  5  6  7 |
---------------+----------------------+-----
Polearms       | 5 6 9 10 12 | 12.0
Fighting       | |  2.1
Throwing       | |  2.0
Dodging        | |  4.0

Action                   |  1- 3 |  4- 6 |  7- 9 || total
-------------------------+-------+-------+-------++-------
Melee: Trident           |   138 |   154 |    83 ||   375
       Headbutt          |     7 |    21 |    14 ||    42
       Unarmed           |       |     6 |       ||     6
Evoke: Wand              |     1 |       |       ||     1
  Use: Scroll            |     3 |     4 |       ||     7
       Potion            |     5 |     4 |       ||     9
 Stab: Paralysed         |     4 |       |       ||     4
       Sleeping          |       |     1 |       ||     1
  Eat: Chunk             |     1 |     5 |     1 ||     7
Armor: Leather armour    |    31 |    16 |     9 ||    56
       Skin              |       |       |     4 ||     4
Dodge: Dodged            |   115 |    58 |    20 ||   193
Block: Buckler           |       |     9 |    16 ||    25
